 Dungeon Crawl Stone Soup version 0.21.0-24-g2553a33 (webtiles) character file.

313 Monsterracer the Sneak (level 6, -2/36 HPs)
             Began as a Deep Elf Assassin on Jan 21, 2018.
             Was a Follower of Sif Muna.
             Killed by nerve-wracking pain
             ... invoked by an orc priest
              (9 damage)
             ... on level 4 of the Dungeon.
             The game lasted 00:06:07 (3859 turns).

Monsterracer the Sneak (Deep Elf Assassin)          Turns: 3859, Time: 00:06:08

Health: -2/36      AC:  4    Str:  8    XL:     6   Next: 19%
Magic:  9/9        EV: 14    Int: 16    God:    Sif Muna [*.....]
Gold:   139        SH:  0    Dex: 18    Spells: 5/5 levels left

rFire    . . .     SeeInvis .   a - +0 rapier (curse)
rCold    . . .     Gourm    .   (no shield)
rNeg     . . .     Faith    .   g - +0 robe
rPois    .         Spirit   .   j - +0 helmet
rElec    .         Reflect  .   d - +0 cloak
rCorr    .         Harm     .   (no gloves)
MR       .....                  (no boots)
Stlth    +++.......             l - amulet of rage
HPRegen  0.12/turn              (no ring)
MPRegen  0.11/turn              (no ring)

@: berserk cooldown, slowed, very slow
A: no striking features
a: Divine Energy, Renounce Religion, Evoke Berserk Rage


You were on level 4 of the Dungeon.
You worshipped Sif Muna.
Sif Muna was aware of your devotion.
You were hungry.

You visited 1 branch of the dungeon, and saw 4 of its levels.

You collected 139 gold pieces.

Inventory:

Hand Weapons
 a - a cursed +0 rapier (weapon)
 b - a +0 blowgun
Missiles
 e - 19 poisoned needles
 f - 2 curare-tipped needles
Armour
 d - a +0 cloak (worn)
 g - a +0 robe (worn)
 j - a +0 helmet (worn)
Jewellery
 l - an amulet of rage (around neck)
Wands
 q - a wand of enslavement (10)
 s - a wand of flame (29)
Scrolls
 h - 3 scrolls of immolation {unknown}
 i - 5 scrolls of identify {unknown}
 n - 3 scrolls of enchant armour {unknown}
 p - 2 scrolls of magic mapping {unknown}
 r - a scroll of fog {unknown}
 t - a scroll of enchant weapon {unknown}
 v - a scroll of teleportation {unknown}
 x - a scroll of noise {unknown}
Potions
 k - a potion of haste {unknown}
 m - 2 potions of mutation {unknown}
 o - 2 potions of flight {unknown}
 u - a potion of resistance {unknown}
 w - 2 potions of curing {unknown}
Comestibles
 c - 11 rations


   Skills:
 + Level 2.5 Fighting
 * Level 4.2 Short Blades
 - Level 2.0 Throwing
 + Level 3.2 Dodging
 + Level 6.0 Stealth
 + Level 1.9 Evocations


You had 5 spell levels left.
You didn't know any spells.

Dungeon Overview and Level Annotations

Branches:
Dungeon (4/15)
 Temple: D:4-7

Altars:
Cheibriados
Elyvilon
Fedhas
Okawaru
Sif Muna
Yredelemnul
Zin


Message History

HP restored.
Health restored: 31 You climb downwards.
There is a stone staircase leading up here.
Found an escape hatch in the floor.
c - 11 rations (gained 1)
A jackal skeleton comes into view.
Found a mace.
The helpless jackal skeleton fails to defend itself.
You impale the jackal skeleton!!
You destroy the jackal skeleton!
Sif Muna accepts your kill.
Found a naga barding.
v - a scroll labeled OXZIJY GAYS
Found a glowing quarterstaff.
Okay, then.
w - 2 puce potions
Okay, then.
An orc comes into view.
An orc is nearby!
An orc is nearby!
The orc shouts!
You hit the orc.
The orc is moderately wounded.
The orc hits you.
You take 1 damage, and have 30/31 hp.
You puncture the orc!
You kill the orc!
Sif Muna accepts your kill.
You see here a scroll labeled ZOARCH WENNI.
x - a scroll labeled ZOARCH WENNI You fail to use your ability.
You fail to use your ability.
A red film seems to cover your vision as you go berserk!
You feel yourself moving faster!
You feel mighty!
You are feeling hungry.
The ogre hits you with a giant club!
You hear a shout!
You now have 29/46 hp.
You barely miss the ogre.
You hear a shout!
The ogre hits you with a giant club!!
* * * LOW HITPOINT WARNING * * *
You take 22 damage, and have 7/46 hp.
MASSIVE DAMAGE!!
You hit the ogre.
The ogre is lightly wounded.
You puncture the ogre!
The ogre is heavily wounded.
The ogre barely misses you.
You closely miss the ogre.
The ogre is heavily wounded.
You puncture the ogre!
The ogre is almost dead.
The ogre closely misses you.
You hit the ogre.
The ogre is almost dead.
The orc priest looks satisfied for a moment.
You closely miss the ogre.
The ogre is almost dead.
The ogre barely misses you.
You barely miss the ogre.
The ogre is almost dead.
You hit the ogre.
You kill the ogre!
Sif Muna accepts your kill.
Your Short Blades skill increases to level 4!
Your Dodging skill increases to level 3!
You have reached level 6!
Your experience leads to an increase in your attributes!
Your base attributes are Str 8, Int 16, Dex 17.
Increase (S)trength, (I)ntelligence, or (D)exterity?
You feel agile.
The orc priest calls down the wrath of Beogh upon you.
You struggle to resist.
You regained 2 hp, and now have 9/54 hp.
MP restored: 9 You see here a giant club.
You puncture the orc priest!
The orc priest is heavily wounded.
The orc priest invokes the aid of Beogh against you.
You struggle to resist.
You puncture the orc priest!
You kill the orc priest!
Sif Muna accepts your kill.
Your Stealth skill increases to level 6!
Things that are here:
a flail; an orc corpse You butcher the orc corpse.
You feel a strong urge to attack something.
You are no longer berserk.
You are exhausted.
You feel yourself slow down.
Things that are here:
a flail; 4 chunks of flesh; an orc skeleton You now have 6/36 hp.
You see here a giant club.
An orc priest is nearby!
The orc priest invokes the aid of Beogh against you.
Pain shoots through your body!
You die...

...................### .......
..................)... ......
#..#######.##......## #....
#.....####.###......# . #...
###.#...##.# #.....## ..####
##.. #.###..#...#....##
.....##... #..............##
## ........#. ##.....###.....#
#.# ###..... #.....###....@##
#.######.....
#.......).....)###.##.........
#......#.....##)o...#.##......
#.#..............(............
#.#.#........###.[.#.....#....
#...#........# #.#...........o
##.##...##.#####.#.##.......(.
#...<...#.........#...#####o.
##..........#.........##....#


You could see an orc priest.

Vanquished Creatures
  An ogre (D:4)
  An orc priest (D:4)
  A bullfrog skeleton (D:2)
  A jelly (D:3)
  An iguana (D:3)
  3 adders
  2 worms (D:2)
  3 dart slugs
  3 leopard geckos
  2 orcs
  8 giant cockroaches
  8 hobgoblins
  A quokka (D:3)
  6 bats
  6 frilled lizards
  7 goblins
  2 jackal skeletons (D:4)
  10 kobolds
  12 rats
78 creatures vanquished.

Notes
Turn   | Place    | Note
-------+----------+-------------------------------------------
     0 | D:1      | Monsterracer the Deep Elf Assassin began the quest for the Orb.
     0 | D:1      | Reached XP level 1. HP: 12/12 MP: 3/3
   105 | D:1      | HP: 6/12 [goblin (4)]
   115 | D:1      | HP: 3/12 [giant cockroach (1)]
   363 | D:1      | Reached skill level 5 in Stealth
   363 | D:1      | Reached XP level 2. HP: 17/17 MP: 4/4
   974 | D:1      | Reached XP level 3. HP: 21/21 MP: 5/5
  1725 | D:2      | HP: 14/31 [adder (3)]
  1730 | D:2      | Reached XP level 4. HP: 17/26 MP: 6/6
  1730 | D:2      | HP: 16/39 [poisoned by an adder]
  1736 | D:2      | HP: 15/39 [poisoned by an adder]
  1741 | D:2      | HP: 8/26 [poisoned by an adder]
  1748 | D:2      | HP: 6/26 [poisoned by an adder]
  2070 | D:2      | Reached skill level 1 in Evocations
  2404 | D:2      | Found a basalt altar of Yredelemnul.
  2405 | D:2      | Found a white marble altar of Elyvilon.
  2480 | D:2      | Found a snail-covered altar of Cheibriados.
  2480 | D:2      | Found a glowing silver altar of Zin.
  2508 | D:2      | Found an iron altar of Okawaru.
  2509 | D:2      | Found a blossoming altar of Fedhas.
  2706 | D:3      | Found a faded altar of an unknown god.
  2719 | D:3      | Reached XP level 5. HP: 30/30 MP: 7/7
  2723 | D:3      | Became a worshipper of Sif Muna the Loreminder
  2723 | D:3      | Reached * piety under Sif Muna
  2793 | D:3      | You fall through a shaft!
  2793 | D:4      | Noticed an ogre
  2823 | D:3      | HP: 13/30 [iguana (12)]
  3528 | D:4      | HP: 14/30 [orc priest/divine providence (16)]
  3530 | D:4      | HP: 6/30 [orc priest/divine providence (8)]
  3548 | D:4      | HP: 6/30 [orc/mace (2)]
  3844 | D:4      | HP: 7/46 [ogre/giant club (22)]
  3852 | D:4      | Killed an ogre
  3852 | D:4      | Reached XP level 6. HP: 9/36 MP: 9/9
  3855 | D:4      | Reached skill level 6 in Stealth
  3859 | D:4      | Killed from afar by an orc priest

Skill      XL: |  1  2  3  4  5  6 |
---------------+-------------------+-----
Stealth        | 5 6 |  6.0
Fighting       | 2 |  2.5
Dodging        | 2 3 |  3.2
Short Blades   | 3 4 |  4.2
Evocations     | 1 |  1.9
Throwing       | |  2.0

Action                   |  1- 3 |  4- 6 || total
-------------------------+-------+-------++-------
Melee: Dagger            |   130 |    95 ||   225
       Rapier            |       |    17 ||    17
 Abil: Evoke Berserk Rag |     2 |     4 ||     6
 Stab: Sleeping          |    19 |    11 ||    30
  Eat: Chunk             |     3 |     7 ||    10
       Ration            |       |     1 ||     1
Armor: Robe              |    23 |    11 ||    34
Dodge: Dodged            |    53 |    49 ||   102

Vault maps used:
D:1:      mrwooster_arrival_statue_3
D:2:      nicolae_overflow_hidden_temple, gammafunk_temple_overflow_pools,
          first_ration, minmay_box_of_dots
D:3:      chequers_ecumenical_altar_simple, kennysheep_generic_room_11
D:4:      temple_statues, amethyst_killhole, kennysheep_windowed_goal
